 Dungeon Crawl Stone Soup version 0.28.0-47-ge53b351184 (webtiles) character file.

Game seed: 914696869491246823

931 bobregger the Fighter (level 8, -4/92 HPs)
             Began as an Ogre Berserker on May 3, 2022.
             Was a Priest of Trog.
             Slain by a scorpion (8 damage)
             ... on level 5 of the Dungeon.
             The game lasted 00:07:39 (5950 turns).

bobregger the Fighter (Ogre Berserker)              Turns: 5950, Time: 00:07:40

Health: -4/92      AC:  4    Str: 22    XL:     8   Next: 11%
Magic:  8/8        EV: 10    Int:  8    God:    Trog [***...]
Gold:   194        SH:  0    Dex: 10    Spells: 7/7 levels left

rFire   + . .      SeeInvis .   m - +3 whip
rCold   + + .      Faith    .   (no shield)
rNeg    . . .      Spirit   .   b - +0 animal skin
rPois   +          Reflect  .   (helmet restricted)
rElec   +          Harm     .   v - +0 cloak
rCorr   +          Rampage  .   (gloves unavailable)
Will    ++...                   (boots unavailable)
Stlth   +.........              (no amulet)
HPRegen 1.25/turn               u - ring of protection from cold
MPRegen 0.11/turn               (no ring)

@: lethally poisoned (-4 -> -5), resistant, strong-willed, on berserk cooldown,
regenerating, slowed, very slow
A: large, unfitting armour, tough skin 1
a: Renounce Religion, Berserk, Trog's Hand


You were on level 5 of the Dungeon.
You worshipped Trog.
Trog was most pleased with you.
You visited 1 branch of the dungeon, and saw 5 of its levels.

You collected 194 gold pieces.

Inventory:

Hand Weapons
 m - a +3 whip (weapon)
Missiles
 q - a throwing net (quivered)
Armour
 b - a +0 animal skin (worn)
 v - a +0 cloak (worn)
Jewellery
 u - a ring of protection from cold (left hand)
Wands
 s - a wand of mindburst (9)
 w - a wand of iceblast (15)
Scrolls
 f - a scroll of fear {unknown}
 g - a scroll of enchant armour {unknown}
 k - 2 scrolls of magic mapping {unknown}
 l - 3 scrolls of enchant weapon {unknown}
 n - 2 scrolls of identify {unknown}
 o - 3 scrolls of teleportation {unknown}
 r - 2 scrolls of silence {unknown}
 x - 2 scrolls of noise {unknown}
Potions
 c - a potion of might {unknown}
 d - a potion of brilliance {unknown}
 e - a potion of attraction {unknown}
 h - a potion of haste {unknown}
 i - a potion of mutation {unknown}
 j - 2 potions of degeneration {unknown}
 p - 2 potions of curing {unknown}
 t - a potion of ambrosia {unknown}


   Skills:
 + Level 9.3 Fighting
 + Level 6.4 Maces & Flails
 - Level 2.6 Dodging


You had 7 spell levels left.
You didn't know any spells.
Your spell library was empty.

Dungeon Overview and Level Annotations

Branches:
Dungeon (5/15)
 Temple: D:4-7

Altars:
Kikubaaqudgha
Okawaru
Wu Jian

Shops:
D:3 :?=[(


Innate Abilities, Weirdness & Mutations

You are too large for most types of armour.
You have tough skin. (AC +1)


Message History

The hound is severely wounded.
A scorpion comes into view.
You whack the hound!
You kill the hound!
Trog accepts your kill.
You see here a hound corpse.
You feel a strong urge to attack something.
You are no longer berserk.
You are exhausted.
You feel yourself slow down.
The scorpion stings you but does no damage.
You see here a hound corpse.
The scorpion closely misses you. The scorpion stings you.
* * * LOW HITPOINT WARNING * * *
The scorpion stings you!
* * * LOW HITPOINT WARNING * * *
It was a potion of resistance.
You feel protected. The scorpion barely misses you. The scorpion misses you.
Your skin crawls.
You feel strong-willed. The scorpion closely misses you.
The scorpion stings you.
* * * LOW HITPOINT WARNING * * *
You are poisoned.
The scorpion poisons you!
You hit the scorpion.
The scorpion is moderately wounded.
You feel very sick.
The scorpion stings you but does no damage.
You hit the scorpion.
The scorpion is heavily wounded.
You feel sick. The scorpion stings you.
* * * LOW HITPOINT WARNING * * *
The scorpion stings you.
* * * LOW HITPOINT WARNING * * *
You hit the scorpion.
The scorpion is heavily wounded.
You feel sick. The scorpion stings you!
You die...

......h..#.#.#..........#
#.....##.......##.....##
...........#)).........#
#.###.#....#....#.###.##
...........#†.....$....#
#.....##.......##... #
.........#.#.#......
.#..$#.#.#..s#.#.#..
#.#.#.......@...#.#. ....
..##.....##..... ...#
......... ...#.
...#.###.#. .. .....
..... ..##. ..# .. ...
.#. ..#. #..


You could see a scorpion.

Vanquished Creatures
  A necrophage (D:3)
  A centaur (D:5)
  A scorpion (D:5)
  2 water moccasin zombies (D:4)
  A wight (D:4)
  A centaur zombie (D:4)
  A bullfrog zombie (D:3)
  A jelly (D:4)
  3 hounds
  A human zombie (D:4)
  Crazy Yiuf (D:4)
  Ijyb (D:4)
  2 iguanas (D:4)
  A hound zombie (D:4)
  2 hound skeletons
  4 mummies (D:4)
  Robin (D:4)
  A gnoll (D:5)
  4 adders
  2 adder zombies (D:4)
  2 dart slugs
  An orc (D:5)
  2 bats (D:2)
  6 endoplasms
  4 giant cockroaches
  10 goblins
  10 hobgoblins
  4 jackals (D:4)
  2 quokkas
  10 ball pythons
  3 frilled lizards
  5 kobolds
  6 rats
97 creatures vanquished.

Notes
Turn   | Place    | Note
-------+----------+-------------------------------------------
     0 | D:1      | bobregger the Ogre Berserker began the quest for the Orb.
     0 | D:1      | Reached XP level 1. HP: 24/24 MP: 1/1
   388 | D:1      | Reached XP level 2. HP: 33/33 MP: 2/2
  1162 | D:2      | Reached XP level 3. HP: 41/41 MP: 3/3
  1372 | D:2      | Found a faded altar of an unknown god.
  1380 | D:2      | Reached ** piety under Trog
  1450 | D:2      | Reached skill level 5 in Fighting
  1913 | D:2      | Reached XP level 4. HP: 35/50 MP: 4/4
  2379 | D:3      | Found Esyan's Book Shop.
  2396 | D:3      | Found Kunn's Jewellery Shop.
  2410 | D:3      | Found Puutits's Armour Emporium.
  2451 | D:3      | Found an iron altar of Okawaru.
  2460 | D:3      | Found Axzo's Weapon Boutique.
  2813 | D:3      | Found Yxtoral's Magic Scroll Boutique.
  2943 | D:3      | Noticed a necrophage
  2953 | D:3      | Killed a necrophage
  2954 | D:3      | Reached skill level 6 in Fighting
  2954 | D:3      | Reached XP level 5. HP: 61/61 MP: 5/5
  3159 | D:4      | Reached XP level 6. HP: 56/68 MP: 6/6
  3595 | D:4      | Reached skill level 7 in Fighting
  3608 | D:4      | Found an ornate altar of the Wu Jian Council.
  4019 | D:4      | Reached skill level 5 in Maces & Flails
  4165 | D:4      | Found a runed translucent door.
  4166 | D:4      | Noticed Crazy Yiuf
  4344 | D:4      | Noticed Ijyb
  4360 | D:4      | Killed Ijyb
  4764 | D:4      | Noticed Robin
  4773 | D:4      | Killed Robin
  4825 | D:4      | Reached XP level 7. HP: 62/79 MP: 7/7
  5023 | D:4      | Reached skill level 8 in Fighting
  5101 | D:4      | Found an ancient bone altar of Kikubaaqudgha.
  5143 | D:4      | Reached *** piety under Trog
  5628 | D:4      | Killed Crazy Yiuf
  5811 | D:5      | Entered Level 5 of the Dungeon
  5930 | D:5      | Reached skill level 9 in Fighting
  5932 | D:5      | Reached XP level 8. HP: 39/92 MP: 8/8
  5949 | D:5      | HP: 4/92 [scorpion (1)]
  5950 | D:5      | Slain by a scorpion

Illustrated notes

Levels and vault maps discovered:
D:1:      scummos_arrival_simple_fountains, layout_basic, nrook_loot_triangle,
          chequers_serial_rivers_small_3, wander_ebering_terrifying_dragon_lair
D:2:      layout_loops_corners, chequers_ecumenical_altar_island,
          grunt_decor_resistance
D:3:      kennysheep_big_flooded_room, layout_rooms,
          mainiacjoe_overflow_24_doors, serial_shops, shop, shop,
          nicolae_shop_waterfront, shop, nicolae_shop_stone
D:4:      layout_loops_ring, lemuel_mausoleum_altar_kikubaaqudgha,
          kennysheep_mini, minivault_23, dk_noncrumbling_2, uniq_robin,
          uniq_crazy_yiuf_cottage, uniq_ijyb
D:5:      nicolae_cairo_tiling_large_dashed, layout_loops_cross,
          yredelemnul_altar_generic, minmay_temple_entry_mist

Skill      XL: |  1  2  3  4  5  6  7 |
---------------+----------------------+-----
Maces & Flails | 3 4 5 6 |  6.4
Fighting       | 5 6 7 9 |  9.3
Dodging        | |  2.6

Action                   |  1- 3 |  4- 6 |  7- 9 || total
-------------------------+-------+-------+-------++-------
Melee: Mace              |    77 |       |       ||    77
       Punch             |     1 |     3 |     3 ||     7
       Whip              |    11 |   157 |   136 ||   304
Invok: Berserk           |       |     2 |     3 ||     5
       Trog's Hand       |       |       |     1 ||     1
  Use: Potion            |       |       |     1 ||     1
Armor: Animal skin       |    35 |    34 |    25 ||    94
Dodge: Dodged            |    38 |    82 |    51 ||   171
